 Dungeon Crawl Stone Soup version 0.22-a0-247-gbddf880 (webtiles) character file.

641 Serpenta the Chiller (level 7, -1/49 HPs)
             Began as an Octopode Ice Elementalist on Feb 26, 2018.
             Was an Initiate of Dithmenos.
             Slain by an ice beast (3 damage)
             ... on level 5 of the Dungeon.
             The game lasted 00:11:39 (6037 turns).

Serpenta the Chiller (Octopode Ice Elementalist)    Turns: 6037, Time: 00:11:40

Health: -1/49      AC:  1    Str: 13    XL:     7   Next: 51%
Magic:  10/10      EV: 13    Int: 18    God:    Dithmenos [......]
Gold:   185        SH:  0    Dex: 14    Spells: 4/10 levels left

rFire    . . .     SeeInvis +   w - +7 long sword of Asoufeal {slice, Fragile Str+6}
rCold    . . .     Gourm    .   (no shield)
rNeg     . . .     Faith    +   (helmet restricted)
rPois    .         Spirit   .   o - amulet of faith
rElec    .         Reflect  .   h - ring of see invisible
rCorr    .         Harm     .   k - ring of stealth
MR       .....                  (no ring)
Stlth    ++++......             (no ring)
HPRegen  0.16/turn              (no ring)
MPRegen  0.12/turn              (no ring)
                                (no ring)
                                (no ring)

@: no status effects
A: almost no armour, stealthy swim, amphibious, 8 rings, constrict 8, camouflage
1, gelatinous body 1
a: Renounce Religion


You were on level 5 of the Dungeon.
You worshipped Dithmenos.
Dithmenos was noncommittal.
You were not hungry.

You visited 2 branches of the dungeon, and saw 7 of its levels.

You collected 185 gold pieces.


Innate Abilities, Weirdness & Mutations

You cannot wear most types of armour.
You are very stealthy in the water. (Stealth+)
You are amphibious.
You can wear up to eight rings at the same time.
You can use your tentacles to constrict eight enemies at once.
Your skin changes colour to match your surroundings (Stealth+).
Your rubbery body absorbs attacks. (AC +1, EV +1)


   Skills:
 + Level 4.5 Fighting
 - Level 2.0 Dodging
 - Level 2.6 Stealth
 - Level 2.0 Spellcasting
 - Level 1.0 Conjurations
 - Level 7.0 Ice Magic


You had 4 spell levels left.
You knew the following spells:

 Your Spells              Type           Power        Failure   Level  Hunger
o - Ozocubu's Armour      Chrm/Ice       ##......     13%         3    ###....
A - Freeze                Ice            ####         1%          1    #......
B - Throw Frost           Conj/Ice       ###...       5%          2    ###....

Action                   |  1- 3 |  4- 6 |  7- 9 || total
-------------------------+-------+-------+-------++-------
Melee: Unarmed           |     4 |       |       ||     4
       Whip              |    41 |    57 |    36 ||   134
       Constrict         |    12 |    16 |    10 ||    38
       Tentacles         |     7 |    10 |    17 ||    34
       Long sword        |       |       |    18 ||    18
Throw: Tomahawk          |       |    10 |       ||    10
 Cast: Freeze            |    29 |    83 |     4 ||   116
       Ozocubu's Armour  |       |     1 |     2 ||     3
  Use: Scroll            |     1 |     8 |     3 ||    12
       Potion            |       |     1 |       ||     1
 Stab: Sleeping          |     8 |     8 |     4 ||    20
  Eat: Chunk             |     3 |    12 |     3 ||    18
Armor: Skin              |     8 |     8 |     9 ||    25
Dodge: Dodged            |    42 |    71 |    40 ||   153
       Rpst.: Long sword |       |       |     1 ||     1

Inventory:

Hand Weapons
 n - a +1 dagger
 p - a +0 blowgun
 t - a +2 long sword of freezing
 w - the +7 long sword of Asoufeal (weapon) {slice, Fragile Str+6}
   (You found it on level 5 of the Dungeon)

   It inflicts extra damage upon your enemies.
   It affects your strength (+6).
   It will be destroyed if unequipped.
Missiles
 f - 6 tomahawks (quivered)
 q - 2 poisoned needles
Magical Staves
 u - a cursed staff of conjuration {unknown}
Jewellery
 h - a ring of see invisible (left tentacle)
 k - a ring of stealth (right tentacle)
 o - an amulet of faith (around mantle)
Wands
 s - a wand of scattershot (5)
Scrolls
 d - a scroll of amnesia
 e - a scroll of enchant weapon
 g - a scroll of fog
Potions
 c - 3 potions of lignification
 i - 2 potions of curing {unknown}
 j - a potion of cancellation {unknown}
 l - a potion of flight {unknown}
 m - a potion of haste
 r - 2 potions of mutation
Comestibles
 a - 6 rations

#.........###..........###
#.........# #..........#
#.........# #..........#
#.........# #..........#
#.........###..........###
##.###...........#######..
... ##..........# #..
#..........# #..
#..@.......# #..
_.....Y........# #..
....############ #.. ..8
#.. .. #.. ###


You could see an ice beast.

Vanquished Creatures
  A necrophage (D:5)
  A bullfrog (D:5)
  A crimson imp (D:5)
  An orc priest (D:4)
  A centaur skeleton (D:5)
  Terence (D:3)
  3 worker ants (D:5)
  An iguana (D:5)
  2 orc wizards
  A killer bee zombie (D:5)
  A hound zombie (D:5)
  A worker ant zombie (D:5)
  8 adders
  A shadow imp (D:5)
  An ooze (D:1)
  2 worms
  3 dart slugs
  4 leopard geckos
  8 orcs
  4 giant cockroaches
  3 goblins
  9 hobgoblins
  14 jackals
  3 quokkas
  7 bats
  3 frilled lizards
  3 kobolds
  2 leopard gecko skeletons (D:4)
  6 rats
96 creatures vanquished.

Vault maps used:
D:1:      lightli_arrival_farm
D:2:      gammafunk_temple_overflow_arena, fiery_altar_vehumet,
          old_standard_altar
D:3:      lemuel_round_altar, uniq_terence
D:4:      minmay_temple_entry_grid
D:5:      grunt_gozag_statues, marbit_many_paths, first_ration
D:6:      kennysheep_mini_moat, nicolae_qazlal_style_of_elements, uniq_edmund,
          uniq_grinder
Temple:   nicolae_temple_figure_zero


Message History

The ice beast is heavily wounded.
The ice beast barely misses you.
The ice beast hits you but does no damage.
You hit the ice beast but do no damage. You squeeze the ice beast.
The ice beast is heavily wounded.
The ice beast closely misses you.
You hit the ice beast.
You squeeze the ice beast, but do no damage.
The ice beast is severely wounded.
Your icy armour evaporates.
The ice beast barely misses you. The ice beast hits you.
The ice beast freezes you!
You closely miss the ice beast.
The ice beast is severely wounded.
The ice beast hits you. The ice beast freezes you!
* * * LOW HITPOINT WARNING * * *
You barely miss the ice beast.
The ice beast is severely wounded.
The ice beast hits you.
You die...

Notes
Turn   | Place    | Note
-------+----------+-------------------------------------------
     0 | D:1      | Serpenta the Octopode Ice Elementalist began the quest for the Orb.
     0 | D:1      | Reached XP level 1. HP: 11/11 MP: 3/3
   302 | D:1      | Reached XP level 2. HP: 10/17 MP: 0/5
   780 | D:1      | Reached skill level 4 in Ice Magic
  1108 | D:1      | Reached XP level 3. HP: 18/21 MP: 6/6
  1540 | D:2      | Learned a level 2 spell: Throw Frost
  1544 | D:2      | Learned a level 3 spell: Ozocubu's Armour
  1562 | D:2      | Found a radiant altar of Vehumet.
  1585 | D:2      | Found a sacrificial altar of Ru.
  1796 | D:2      | Reached XP level 4. HP: 27/27 MP: 2/7
  1909 | D:2      | Found a white marble altar of Elyvilon.
  1913 | D:2      | Found a transporter.
  2030 | D:2      | Found a transporter.
  2375 | D:3      | Reached skill level 5 in Ice Magic
  3061 | D:3      | Noticed Terence
  3125 | D:3      | Killed Terence
  3125 | D:3      | Reached XP level 5. HP: 28/31 MP: 4/8
  3220 | D:3      | Found a glowing golden altar of the Shining One.
  3775 | D:4      | Reached skill level 6 in Ice Magic
  4041 | D:4      | Reached XP level 6. HP: 28/36 MP: 5/9
  4326 | D:4      | Found a staircase to the Ecumenical Temple.
  4363 | Temple   | Entered the Ecumenical Temple
  4694 | D:5      | Entered Level 5 of the Dungeon
  4702 | D:5      | Reached skill level 7 in Ice Magic
  4706 | D:5      | Reached skill level 1 in Fighting
  5208 | D:5      | Reached XP level 7. HP: 32/45 MP: 7/10
  5380 | D:5      | Got an encrusted long sword
  5805 | D:4      | Identified the +7 long sword of Asoufeal {slice, Fragile Str+6} (You found it on level 5 of the Dungeon)
  5822 | D:6      | Noticed Grinder
  5824 | D:6      | Noticed Serpenta's ghost (amateur OpIE)
  5895 | D:5      | Found a shadowy altar of Dithmenos.
  5899 | D:5      | Became a worshipper of Dithmenos the Shadowed
  6028 | D:5      | Found an opulent altar of Gozag.
  6036 | D:5      | HP: 2/49 [ice beast (13)]
  6037 | D:5      | Slain by an ice beast
